 Dungeon Crawl Stone Soup version 0.24-a0-176-gc3651c4 (webtiles) character file.

Game seed: 15964560329086749036

6 Inarius the Sneak (level 1, -4/16 HPs)
             Began as a Demonspawn Assassin on Mar 12, 2019.
             Slain by a gnoll
             ... wielding a +0 halberd
              (9 damage)
             ... on level 2 of the Dungeon.
             The game lasted 00:01:24 (680 turns).

Inarius the Sneak (Demonspawn Assassin)              Turns: 680, Time: 00:01:25

Health: -4/16      AC:  7    Str: 11    XL:     1   Next: 75%
Magic:  1/1        EV:  6    Int: 12    God:
Gold:   58         SH:  0    Dex: 14    Spells: 0/0 levels left

rFire    . . .     SeeInvis .   m - +4 dagger
rCold    . . .     Gourm    .   (no shield)
rNeg     . . .     Faith    .   o - +3 leather armour
rPois    .         Spirit   .   (no helmet)
rElec    .         Reflect  .   d - +0 cloak
rCorr    .         Harm     .   (no gloves)
MR       .....                  (no boots)
Stlth    ++........             (no amulet)
HPRegen  0.05/turn              (no ring)
MPRegen  0.07/turn              (no ring)

@: held
A: no striking features
a: no special abilities


You were on level 2 of the Dungeon.
You were not hungry.

You visited 1 branch of the dungeon, and saw 2 of its levels.

You collected 58 gold pieces.

Inventory:

Hand Weapons
 b - a +0 blowgun
 m - a +4 dagger (weapon)
Missiles
 e - 8 poisoned needles
 f - 2 curare-tipped needles
 l - 6 javelins (quivered)
Armour
 c - a +0 robe
 d - a +0 cloak (worn)
 o - a +3 leather armour (worn)
Scrolls
 h - a scroll of enchant weapon {unknown}
 i - 2 scrolls of immolation {unknown}
 j - a scroll of enchant armour {unknown}
Comestibles
 g - 2 rations
 k - 2 chunks of flesh


   Skills:
 + Level 2.2 Fighting
 + Level 2.0 Short Blades
 - Level 1.7 Throwing
 + Level 0.1 Armour
 + Level 1.0 Dodging
 - Level 3.6 Stealth


You couldn't memorise any spells.
You didn't know any spells.
Your spell library was empty.

Dungeon Overview and Level Annotations

Branches:
Dungeon (2/15)

Altars:


Message History

An adder zombie comes into view.
The gnoll hits you with a +0 whip.
Found fire dragon scales.
You see here a frilled lizard corpse.
You hit the gnoll.
The gnoll is heavily wounded.
The gnoll hits you but does no damage.
A gnoll comes into view. It is wielding a +0 halberd.
The gnoll shouts!
The gnoll closely misses you.
The gnoll throws a throwing net.
The throwing net hits you.
You become entangled in the net!
You see here a throwing net.
You struggle against the net.
The gnoll drinks a potion.
The gnoll flickers and vanishes!
Deactivating autopickup; reactivate with Ctrl-A.
The gnoll hits you from afar with a +0 halberd.
You struggle against the net.
The gnoll hits you from afar with a +0 halberd!
Ouch! That really hurt!
You die...

#.# #.# #.#
#.#######
###.#####......>.
#........%.......
#.#.#####.######
#)#.#####.##
#.#........#
#.#######†#######
#.##..[.@.g.Z....
#.##.####.#####..
#.##.# #.g..
#.##.# #..≈≈.
#.##.####..≈≈≈≈.
#.##........≈≈≈≈
#....<.....≈≈≈≈.
##########......


You could see 2 gnolls and an adder zombie.

Vanquished Creatures
  A ball python (D:1)
  A hobgoblin (D:1)
  A bat (D:1)
  A frilled lizard (D:2)
  A kobold (D:1)
  2 rats (D:1)
7 creatures vanquished.

Notes
Turn   | Place    | Note
-------+----------+-------------------------------------------
     0 | D:1      | Inarius the Demonspawn Assassin began the quest for the
                  | Orb.
     0 | D:1      | Reached XP level 1. HP: 16/16 MP: 1/1
   479 | D:1      | Reached skill level 1 in Dodging
   680 | D:2      | Slain by a gnoll

Levels and vault maps discovered:
D:1:      ebering_trefoil_twist, layout_rooms
D:2:      layout_loops_ring, overflow_temple_1_default, grunt_qazlal_sundering,
          minitemple, serial_undead, serial_undead_a, serial_undead_d,
          serial_undead_e, serial_undead_f, serial_undead_f, uniq_jessica,
          uniq_terence

Skill      XL: |  1 |
---------------+----+-----
Dodging        | 1 |  1.0
Short Blades   | 2 |  2.0
Fighting       | |  2.2
Throwing       | |  1.7
Armour         | |  0.1
Stealth        | |  3.6

Action                   || total
-------------------------++-------
Melee: Dagger            ||    25
 Stab: Sleeping          ||     1
Armor: Leather armour    ||     9
       Robe              ||     2
Dodge: Dodged            ||    16

Table legend:
 A = Non-vault XP
 B = Vault XP
 C = Vault XP percentage of total XP
 D = Non-vault monster count
 E = Vault monster count
 F = Vault count percentage of total count
                 A         B        C        D         E       F
            +---------+---------+-------+---------+---------+-------
      Total |       9 |       0 |   0.0 |       7 |       0 |   0.0
            +---------+---------+-------+---------+---------+-------
        D:1 |       8 |       0 |   0.0 |       6 |       0 |   0.0
        D:2 |       1 |       0 |   0.0 |       1 |       0 |   0.0
            +---------+---------+-------+---------+---------+-------
